 Dungeon Crawl Stone Soup version 0.29-a0-723-gce39da1c22 (webtiles) character file.

Game seed: 15784833209109226704

410 bande the Chopper (level 6, 0/39 HPs)
             Began as a Gargoyle Fighter on June 28, 2022.
             Killed from afar by a white imp (9 damage)
             ... with a puff of frost
             ... on level 4 of the Dungeon.
             The game lasted 00:06:03 (3445 turns).

bande the Chopper (Gargoyle Fighter)                Turns: 3445, Time: 00:06:03

Health: 0/39       AC: 20    Str: 19    XL:     6   Next: 89%
Magic:  6/6        EV:  5    Int:  9    God:
Gold:   162        SH:  4    Dex: 11    Spells: 5/5 levels left

rFire   . . .      SeeInvis .   a - +1 war axe
rCold   . . .      Faith    .   c - +0 buckler
rNeg    + . .      Spirit   .   j - +0 plate armour
rPois   ∞          Reflect  .   (no helmet)
rElec   +          Harm     .   b - +0 cloak
rCorr   .          Rampage  .   p - +0 pair of gloves
Will    .....                   f - +0 pair of boots
Stlth   ..........              (no amulet)
HPRegen 0.13/turn               (no ring)
MPRegen 0.10/turn               (no ring)

@: no status effects
A: sickness immunity, AC +4, negative energy resistance 1, electricity
resistance, torment resistance 1, petrification resistance
a: no special abilities


You were on level 4 of the Dungeon.
You visited 1 branch of the dungeon, and saw 4 of its levels.

You collected 162 gold pieces.

Inventory:

Hand Weapons
 a - a +1 war axe (weapon)
Armour
 b - a +0 cloak (worn)
 c - a +0 buckler (worn)
 f - a +0 pair of boots (worn)
 j - a +0 plate armour (worn)
 p - a +0 pair of gloves (worn)
Scrolls
 k - a scroll of blinking
 o - 2 scrolls of enchant weapon
Potions
 d - a potion of might
 e - 2 potions of ambrosia
 g - a potion of magic
 h - 2 potions of brilliance
 i - a potion of invisibility
 l - a potion of berserk rage {unknown}
 m - a potion of mutation {unknown}
 n - a potion of cancellation {unknown}


   Skills:
 + Level 4.5 Fighting
 + Level 4.8 Axes
 + Level 4.4 Armour
 + Level 4.3 Shields


You had 5 spell levels left.
You didn't know any spells.
Your spell library contained the following spells:

 Spells                   Type           Power      Damage    Failure   Level
 Wereblood                Tmut           0%         N/A       100%        2
 Conjure Flame            Conj/Fire      0%         6-21      100%        3
 Ignite Poison            Fire/Tmut/Pois 0%         N/A       100%        3
 Ozocubu's Armour         Ice            0%         N/A       100%        3
 Sticky Flame             Conj/Fire      0%         2d3       100%        4
 Ozocubu's Refrigeration  Ice            0%         4d5       100%        7
 Summon Hydra             Summ           0%         N/A       100%        7
 Sublimation of Blood     Necr           Unusable   N/A       N/A         2

Dungeon Overview and Level Annotations

Branches:
Dungeon (4/15)
 Temple: D:4-7

Altars:
Fedhas

Shops:
D:4 =


Innate Abilities, Weirdness & Mutations

You are immune to sickness and miasma.
Your stone body is resilient. (AC +4)
You are immune to poison.
You resist negative energy. (rN+)
You are resistant to electric shocks. (rElec)
You are resistant to unholy torment.
You are immune to petrification.


Message History

You are too injured to fight recklessly!
Unknown command.
You closely miss the hound.
The orc shouts!
You hear a shout!
A jackal comes into view.
The hound bites you but does no damage. x2
You closely miss the hound.
The jackal barks!
You hear a shout! x2
You block the hound's attack.
An orc comes into view. It is wielding a +0 dagger.
An orc comes into view. It is wielding a +0 club.
The hound barely misses you.
The kobold shouts!
You hit the hound.
The hound is lightly wounded.
The hound bites you but does no damage. x2
An orc wizard comes into view. It is wielding a +0 dagger.
The jackal barks!
You slash the hound!
The hound is heavily wounded.
The hound bites you but does no damage. x2
You slash the hound!
You kill the hound!
The jackal bites you but does no damage.
You hit the jackal.
You kill the jackal!
You hit the white imp but do no damage. The white imp gestures at you.
The puff of frost hits you but does no damage.
The white imp gestures at you.
The puff of frost hits you but does no damage.
You barely miss the white imp. The white imp gestures at you.
The puff of frost hits you!
* * * LOW HITPOINT WARNING * * *
You hit the white imp.
The white imp is heavily wounded.
The white imp gestures at you. The puff of frost hits you!
You die...

#.## ...## #. ###.#####
#. ### ###.....#
#.##.#####
.##.###.####........
P..................
....###.#........# ..#.#
#.#.....$..#
.##.###.#.......@###o##K.
.##.##.♣........#5Ko.....
................#5oo.....
######..........#h.......
#..P♣.#.............
##....######........
###### #........
#........ ####.##..


You could see an orc wizard, 2 white imps, 2 orcs, a jackal and a kobold.

Vanquished Creatures
  Grinder (D:3)
  A hound (D:4)
  A jelly (D:4)
  6 adders (D:3)
  A shadow imp (D:4)
  A white imp (D:4)
  An ufetubus (D:4)
  2 dart slugs
  8 bats
  6 endoplasms
  3 giant cockroaches
  7 goblins
  3 hobgoblins
  10 jackals
  5 kobolds
  2 quokkas
  7 ball pythons
  5 rats
70 creatures vanquished.

Vanquished Creatures (others)
  A demonic plant (D:4)
  13 plants (D:1)
14 creatures vanquished.

Grand Total: 84 creatures vanquished

Notes
Turn   | Place    | Note
-------+----------+-------------------------------------------
     0 | D:1      | bande the Gargoyle Fighter began the quest for the Orb.
     0 | D:1      | Reached XP level 1. HP: 14/14 MP: 1/1
   261 | D:1      | Reached XP level 2. HP: 14/19 MP: 2/2
   362 | D:1      | Found a faded altar of an unknown god.
   805 | D:1      | Reached XP level 3. HP: 20/24 MP: 3/3
  1852 | D:2      | Found a blossoming altar of Fedhas.
  2450 | D:3      | Reached XP level 4. HP: 27/29 MP: 4/4
  2719 | D:3      | Noticed Grinder
  2730 | D:3      | Paralysed by Grinder for 2 turns
  2735 | D:3      | Paralysed by Grinder for 4 turns
  2750 | D:3      | Killed Grinder
  2751 | D:3      | Reached XP level 5. HP: 17/34 MP: 5/5
  2751 | D:3      | Reached XP level 6. HP: 19/39 MP: 6/6
  3218 | D:4      | Found Jebrufet's Jewellery Boutique.
  3445 | D:4      | Killed from afar by a white imp

Illustrated notes

Levels and vault maps discovered:
D:1:      lightli_molten_gateway, layout_rooms, serial_bayou,
          serial_bayou_pond_d, serial_bayou_shore_b, serial_bayou_crossing,
          serial_bayou_lake_a, chequers_ecumenical_altar_island
D:2:      layout_basic, basic_altar
D:3:      layout_rooms, uniq_grinder
D:4:      cheibrodos_quashed, layout_loops_corners, gup_sewer_entry_spiral,
          lightli_ossuary_entry_decrepit_ruins, serial_demonic,
          serial_demonic_g, serial_demonic_c, serial_demonic_d,
          serial_demonic_b, serial_demonic_a, serial_shops,
          nicolae_shop_behind_doors, abandoned_shop

Skill      XL: |  1  2  3  4 |
---------------+-------------+-----
Axes           | 2 4 |  4.8
Armour         | 4 |  4.4
Fighting       | 4 |  4.5
Shields        | 4 |  4.3

Action                   |  1- 3 |  4- 6 || total
-------------------------+-------+-------++-------
Melee: War axe           |   138 |    89 ||   227
  Use: Scroll            |     5 |     6 ||    11
Armor: Scale mail        |    48 |       ||    48
       Plate armour      |    64 |    92 ||   156
Dodge: Dodged            |    64 |    22 ||    86
Block: Buckler           |    37 |    29 ||    66

Table legend: (Time is in decaauts)
 A = Elapsed time spent in this place.
 B = Non-inter-level travel time spent in this place.
 C = Inter-level travel time spent in this place.
 D = Time resting spent in this place.
 E = Time spent auto-exploring this place.
 F = Levels seen in this place.
 G = Mean time per level.
                   A        B        C        D        E       F      G
               +--------+--------+--------+--------+--------+-----+--------+
         Total |   3593 |   3593 |      0 |    765 |   2029 |   4 |  898.2 |
       Dungeon |   3593 |   3593 |      0 |    765 |   2029 |   4 |  898.2 |
               +--------+--------+--------+--------+--------+-----+--------+

Top non-repeatable levels by time:
     D:2: 1302 daAuts
     D:1: 1249 daAuts
     D:3: 798 daAuts
     D:4: 243 daAuts
